 Dungeon Crawl Stone Soup version 0.23-a0-730-g0b75920 (webtiles) character file.

26 MalarOregon the Magician (level 3, 22/26 HPs)
             Began as a Merfolk Wanderer on Jan 17, 2019.
             Quit the game on level 2 of the Dungeon.
             The game lasted 00:04:00 (1453 turns).

MalarOregon the Magician (Merfolk Wanderer)         Turns: 1453, Time: 00:04:01

Health: 22/26      AC:  3    Str: 13    XL:     3   Next: 8%
Magic:  6/7        EV: 11    Int:  8    God:
Gold:   63         SH:  0    Dex: 16    Spells: 4/8 levels left

rFire    . . .     SeeInvis .   f - +0 dagger
rCold    . . .     Gourm    .   (no shield)
rNeg     . . .     Faith    .   g - +0 leather armour (curse)
rPois    .         Spirit   .   (no helmet)
rElec    .         Reflect  .   (no cloak)
rCorr    .         Harm     .   (no gloves)
MR       .....                  (no boots)
Stlth    +.........             (no amulet)
HPRegen  0.08/turn              (no ring)
MPRegen  0.10/turn              (no ring)

@: no status effects
A: change form in water, swift swim, stealthy swim
a: no special abilities


You were on level 2 of the Dungeon.
You were not hungry.

You visited 1 branch of the dungeon, and saw 2 of its levels.

You collected 63 gold pieces.

Inventory:

Hand Weapons
 f - a +0 dagger (weapon)
Armour
 g - a cursed +0 leather armour (worn)
   (You found it on level 1 of the Dungeon)
Wands
 u - a wand of paralysis (15)
Scrolls
 d - a scroll of immolation {unknown}
Potions
 c - a potion of curing {@q1}
Comestibles
 e - 5 rations {!d}


   Skills:
 + Level 1.4 Fighting
 + Level 0.9 Short Blades
   Level 1.0 Maces & Flails
 + Level 1.5 Throwing
 + Level 1.1 Armour
 + Level 1.0 Dodging
 + Level 3.1 Spellcasting
 - Level 1.5 Air Magic
 + Level 1.3 Evocations


You had 4 spell levels left.
You knew the following spells:

 Your Spells              Type           Power        Failure   Level  Hunger
q - Shroud of Golubria    Chrm/Tloc      #.........   52%         2    ###....
s - Swiftness             Chrm/Air       #.......     41%         2    ###....

Your spell library contained the following spells:

 Spells                   Type           Power        Failure   Level  Hunger


Dungeon Overview and Level Annotations

Branches:
Dungeon (2/15)

Altars:


Message History

You feel sick.
You feel sick.
You start resting.
You feel sick. x2
Your extra speed is starting to run out.
You feel sick.
You feel yourself slow down.
You start resting.
You feel sick. x3
You are no longer poisoned.
You start resting.
Eating a chunk of flesh.
You eat the chunk of flesh.
You don't know any spells.
Memorise Swiftness, consuming 2 spell levels and leaving 6?
You start memorising the spell.
You continue memorising. x2
You finish memorising.
Spell assigned to 's'.
Memorise Shroud of Golubria, consuming 2 spell levels and leaving 4?
You start memorising the spell.
You continue memorising. x2
You finish memorising.
Spell assigned to 'q'.
A hobgoblin comes into view.
Found 11 gold pieces.
A worm comes into view.
Found a scroll labeled ETAEVEBOOJ.
A hobgoblin comes into view. It is wielding a -3 club.
The hobgoblin hits you but does no damage.
Space distorts slightly along a thin shroud covering your body.
The hobgoblin barely misses you.
You barely miss the hobgoblin.
The hobgoblin shouts!
You hear an angry hiss.
The hobgoblin barely misses you.
You barely miss the hobgoblin.
Your shroud begins to fray at the edges.
The hobgoblin hits you but does no damage.
You barely miss the hobgoblin. The hobgoblin closely misses you.
A giant cockroach comes into view.
You hit the worm. The hobgoblin barely misses you.
You hit the worm.
Your shroud bends the worm's attack away!
The hobgoblin hits you but does no damage.
You hit the worm.
A leopard gecko comes into view.
Your shroud bends the hobgoblin's attack away.
You hit the worm but do no damage.
A worm comes into view.
The worm closely misses you.
The hobgoblin hits you with a cursed -3 club.
The hobgoblin closely misses you. The hobgoblin barely misses you.
Your shroud unravels.
You hit the hobgoblin. The hobgoblin hits you.
Okay, then.

###....# # ##.#.#
#.#.# #.#.###
#.#...##### #
#......#.....#####...
###....#####.........
#....#####s..##..#
#......?@gg.....#
.........###.$.###
##.....### ##.....#
...... #.##... . ...
## ##w# ... ..


You could see a giant cockroach and 2 hobgoblins.

Vanquished Creatures
  An adder (D:2)
  A ball python (D:1)
  A giant cockroach (D:2)
  A hobgoblin (D:1)
  5 bats (D:1)
  3 frilled lizards
  A goblin (D:1)
  5 kobolds
  2 rats (D:1)
20 creatures vanquished.

Notes
Turn   | Place    | Note
-------+----------+-------------------------------------------
     0 | D:1      | MalarOregon the Merfolk Wanderer began the quest for the
                  | Orb.
     0 | D:1      | MalarOregon set off with the following items: a potion of
                  | curing {@q1}, a +0 robe, a ration {!d}, a +0 dagger, a wand
                  | of paralysis (15); and the following spells available to
                  | memorise: Swiftness, Shroud of Golubria
     0 | D:1      | Reached XP level 1. HP: 15/15 MP: 4/4
   308 | D:1      | Reached XP level 2. HP: 17/21 MP: 6/6
  1211 | D:2      | Reached skill level 1 in Dodging
  1211 | D:2      | Reached XP level 3. HP: 18/26 MP: 7/7
  1419 | D:2      | Learned a level 2 spell: Swiftness
  1422 | D:2      | Learned a level 2 spell: Shroud of Golubria
  1453 | D:2      | Quit the game

Vault maps used:
D:1:      tarquinn_simple_flora_water_e, serial_glass, glass_columns_b,
          glass_columns_a, hex_medium
D:2:      kennysheep_slug_shrine

Skill      XL: |  1  2 |
---------------+-------+-----
Dodging        | 1 |  1.0
Fighting       | |  1.4
Short Blades   | |  0.9
Maces & Flails | |  1.0
Throwing       | |  1.5
Armour         | |  1.1
Spellcasting   | |  3.1
Air Magic      | |  1.5
Evocations     | |  1.3

Action                   || total
-------------------------++-------
Melee: Dagger            ||   106
 Cast: Shroud of Golubri ||     1
  Use: Potion            ||     4
 Stab: Sleeping          ||     1
  Eat: Chunk             ||     2
Armor: Robe              ||    19
       Leather armour    ||    16
Dodge: Dodged            ||    73

Table legend:
 A = Non-vault XP
 B = Vault XP
 C = Vault XP percentage of total XP
 D = Non-vault monster count
 E = Vault monster count
 F = Vault count percentage of total count
                 A         B        C        D         E       F
            +---------+---------+-------+---------+---------+-------
      Total |      38 |       0 |   0.0 |      20 |       0 |   0.0
            +---------+---------+-------+---------+---------+-------
        D:1 |      21 |       0 |   0.0 |      16 |       0 |   0.0
        D:2 |      17 |       0 |   0.0 |       4 |       0 |   0.0
            +---------+---------+-------+---------+---------+-------
